 Dungeon Crawl Stone Soup version 0.30-a0-760-g5a9884bb7c (webtiles) character file.

Game seed: 7447700714546657147

2 sircluck the Sneak (level 1, -6/14 HPs)
             Began as a Kobold Delver on Feb 10, 2023.
             Mangled by a bullfrog (7 damage)
             ... on level 5 of the Dungeon.
             The game lasted 00:00:05 (42 turns).

sircluck the Sneak (Kobold Delver)                    Turns: 42, Time: 00:00:06

Health: -6/14      AC:  3    Str:  9    XL:     1   Next: 44%
Magic:  1/1        EV: 14    Int: 11    God:
Gold:   21         SH:  0    Dex: 16    Spells: 0/0 levels left

rFire   . . .      SeeInvis .    a - +0 short sword
rCold   . . .      Faith    .    (no shield)
rNeg    . . .      Spirit   .    b - +0 leather armour
rPois   .          Reflect  .    (no helmet)
rElec   .          Harm     .    (no cloak)
rCorr   .          Rampage  .    (no gloves)
Will    .....                    (no boots)
Stlth   ++++                     (no amulet)
HPRegen 0.22/turn                (no ring)
MPRegen 0.07/turn                (no ring)

@: no status effects
A: small, no large weapons, nightstalker 3
a: no special abilities


You were on level 5 of the Dungeon.
You visited 1 branch of the dungeon, and saw 1 of its levels.

You collected 21 gold pieces.

Inventory:

Hand Weapons
 a - a +0 short sword (weapon)
Armour
 b - a +0 leather armour (worn)
Wands
 g - a wand of digging (3)
Scrolls
 c - a scroll of fog
 d - a scroll of magic mapping
 e - a scroll of fear
Potions
 f - a potion of haste


   Skills:
 + Level 3.3 Fighting
 + Level 2.7 Short Blades
 + Level 2.4 Dodging
 + Level 6.7 Stealth


You couldn't memorise any spells.
You didn't know any spells.
Your spell library was empty.

Dungeon Overview and Level Annotations

Branches:
Dungeon (5/15)
 Temple: D:4-7

Altars:


Innate Abilities, Weirdness & Mutations

You are small and have problems with some larger weapons.
You are completely attuned to the shadows.


Message History

The bullfrog is lightly wounded.
The bullfrog closely misses you.
An orc comes into view. It is wielding a +0 club.
The bullfrog barely misses you.
You barely miss the bullfrog.
The bullfrog is lightly wounded.
The bullfrog hits you!
Ouch! That really hurt!
You are too injured to fight recklessly!
You are too injured to fight recklessly!
You are too injured to fight recklessly!
You are too injured to fight recklessly!
You are too injured to fight recklessly!
You are too injured to fight recklessly!
You are too injured to fight recklessly!
You are too injured to fight recklessly!
You are too injured to fight recklessly!
You are too injured to fight recklessly!
You are too injured to fight recklessly!
You are too injured to fight recklessly!
You are too injured to fight recklessly!
You are too injured to fight recklessly!
You are too injured to fight recklessly!
You are too injured to fight recklessly!
You hit the bullfrog but do no damage.
The bullfrog is lightly wounded.
The bullfrog closely misses you.
You hit the bullfrog but do no damage.
The bullfrog is lightly wounded.
The bullfrog closely misses you.
You hit the bullfrog.
The bullfrog is moderately wounded.
The bullfrog closely misses you.
You hit the bullfrog.
The bullfrog is moderately wounded.
The bullfrog hits you.
* * * LOW HITPOINT WARNING * * *
The orc closely misses you. The bullfrog hits you!
Ouch! That really hurt!
You die...

.. #######..
#...F...$
#...@o...
#........
#........
#.........
#.........
###.........
###.'.........
###...#.........
#...###.....†...


You could see a bullfrog and an orc.

Vanquished Creatures
  A dart slug (D:5)
1 creature vanquished.

Notes
Turn   | Place    | Note
-------+----------+-------------------------------------------
     0 | D:5      | sircluck the Kobold Delver began the quest for the Orb.
     0 | D:5      | Reached XP level 1. HP: 14/14 MP: 1/1
    31 | D:5      | Noticed a bullfrog
    42 | D:5      | Mangled by a bullfrog

Illustrated notes

Levels and vault maps discovered:
D:5:      layout_basic, minmay_temple_entry_proselytizer

Action                     || total
---------------------------++-------
  Melee: Short sword       ||     9
   Stab: Sleeping          ||     1
  Dodge: Dodged            ||     8

Table legend: (Time is in decaauts)
 A = Elapsed time spent in this place.
 B = Non-inter-level travel time spent in this place.
 C = Inter-level travel time spent in this place.
 D = Time resting spent in this place.
 E = Time spent auto-exploring this place.
 F = Levels seen in this place.
 G = Mean time per level.
                   A        B        C        D        E       F      G
               +--------+--------+--------+--------+--------+-----+--------+
         Total |     40 |     40 |      0 |      0 |     26 |   1 |   40.0 |
       Dungeon |     40 |     40 |      0 |      0 |     26 |   1 |   40.0 |
               +--------+--------+--------+--------+--------+-----+--------+

Top non-repeatable levels by time:
     D:5: 40 daAuts
